 Dungeon Crawl Stone Soup version 0.31-a0-361-g0f8bd3a31e (webtiles) character file.

Game seed: 1495486652404744210

24787 MacCMillion the Metamorph (level 13, -1/103 HPs)
             Began as a Merfolk Shapeshifter on July 27, 2023.
             Was the Champion of Okawaru.
             Slain by a large abomination (19 damage)
             ... on level 2 of the Abyss.
             The game lasted 00:32:55 (12237 turns).

MacCMillion the Metamorph (Merfolk Shapeshifter)   Turns: 12237, Time: 00:32:56

Health: -1/103     AC:  9    Str: 24    XL:     13   Next: 15%
Magic:  19/19      EV: 18    Int:  7    God:    Okawaru [******]
Gold:   669        SH:  0    Dex: 15    Spells: 12/12 levels left

rFire   + +          .
                       - Unarmed
rCold   . . .        (shield currently unavailable)
rNeg    . . .        w - +3 robe of the Slightly Bent {Rampage rF+ Regen+ Str+4}
rPois   .            h - +2 helmet
rElec   +            (no cloak)
rCorr   .            (gloves currently unavailable)
SInv    +            W - +1 pair of boots "Hoelism" {rElec}
Will    .....        J - amulet of the acrobat
Stlth   ++++         G - ring of see invisible
HPRegen 1.17/turn    Z - ring of protection from fire
MPRegen 0.16/turn

%: acrobat, rampage
@: blade hands
A: (nimble swimmer 2), mertail
a: Begin Untransformation, Renounce Religion, Heroism, Finesse, Duel


You were on level 2 of the Abyss.
You worshipped Okawaru.
Okawaru was exalted by your worship.
You had blades for hands.
You visited 3 branches of the dungeon, and saw 14 of its levels.
You visited the Abyss 1 time.
You also visited: Volcano.

You collected 669 gold pieces.

Inventory:

Missiles
 x - 4 silver javelins
 y - 16 poisoned darts
 L - 4 throwing nets
 Y - 6 curare-tipped darts
Armour
 h - a +2 helmet (worn)
 w - the +3 robe of the Slightly Bent (worn) {Rampage rF+ Regen+ Str+4}
   (You found it on level 3 of the Dungeon)

   Str:       It affects your strength (+4).
   rF:        It protects you from fire.
   Regen:     It increases your rate of health regeneration.
   Rampage:   It bestows one free step when moving towards enemies.
 U - a scarf of invisibility
 W - the +1 pair of boots "Hoelism" (worn) {rElec}
   (Okawaru gifted it to you on level 11 of the Dungeon)

   rElec:     It insulates you from electricity.
Jewellery
 p - a ring of poison resistance
 E - a +6 ring of dexterity
 G - a ring of see invisible (left blade hand)
 J - an amulet of the acrobat (around neck)
 M - a ring of fire
 P - a +6 ring of dexterity
 S - a ring of wizardry
 T - a ring of ice
 X - a +6 ring of dexterity
 Z - a ring of protection from fire (right blade hand)
Talismans
 c - a beast talisman
 B - a blade talisman
Wands
 D - a wand of mindburst (7)
 I - a wand of flame (12)
 Q - a wand of roots (9)
 R - a wand of polymorph (7)
 V - a wand of paralysis (7)
Scrolls
 b - 5 scrolls of blinking
 e - a scroll of poison {unknown}
 f - 2 scrolls of silence
 j - 3 scrolls of revelation
 m - a scroll of fog {unknown}
 n - a scroll of vulnerability {unknown}
 o - 6 scrolls of teleportation {unknown}
 q - 3 scrolls of amnesia {unknown}
 r - a scroll of fear {unknown}
 t - 2 scrolls of brand weapon {unknown}
 v - 2 scrolls of enchant armour {unknown}
 F - 5 scrolls of noise {unknown}
 K - 2 scrolls of torment {unknown}
Potions
 d - 3 potions of heal wounds {unknown}
 i - 3 potions of mutation
 k - 3 potions of might
 l - 3 potions of brilliance
 s - a potion of haste {unknown}
 u - 3 potions of cancellation
 z - 3 potions of enlightenment {unknown}
 A - 7 potions of curing
 C - 2 potions of degeneration {unknown}
 H - 4 potions of attraction {unknown}
 N - 2 potions of lignification
 O - a potion of magic {unknown}


   Skills:
 + Level 10.0 Fighting
 + Level 12.1 Dodging
 - Level 8.0 Stealth
 + Level 8.0 Unarmed Combat
 - Level 8.0 Invocations
 - Level 15.0 Shapeshifting


You had 12 spell levels left.
You didn't know any spells.
Your spell library contained the following spells:

 Spells                   Type           Power      Damage    Failure   Level
 Apportation              Tloc           0%         N/A       83%         1
 Kiss of Death            Conj/Necr      0%         2d5       83%         1
 Necrotise                Necr           0%         1d4       83%         1
 Shock                    Conj/Air       0%         1d3       83%         1
 Blink                    Tloc           0%         N/A       90%         2
 Ensorcelled Hibernation  Hex/Ice        0%         N/A       90%         2
 Lesser Beckoning         Tloc           0%         N/A       90%         2
 Momentum Strike          Conj/Tloc      0%         3d8       90%         2
 Passwall                 Tmut/Erth      0%         N/A       90%         2
 Gell's Gravitas          Tloc           0%         N/A       98%         3
 Swiftness                Air            0%         N/A       98%         3
 Teleport Other           Tloc           0%         N/A       98%         3
 Vhi's Electric Charge    Tloc/Air       0%         N/A       98%         3
 Airstrike                Air            0%         2d(0-16)  100%        4
 Anguish                  Hex/Necr       0%         N/A       100%        4
 Manifold Assault         Tloc           0%         N/A       100%        4
 Alistair's Intoxication  Tmut/Pois      0%         N/A       100%        5
 Arcjolt                  Conj/Air       0%         1d10      100%        5
 Maxwell's Capacitive Co  Air            0%         ∞         100%        8
 Summon Small Mammal      Summ           Unusable   N/A       N/A         1

Dungeon Overview and Level Annotations

Branches:
Dungeon (11/15)            Temple (1/1) D:6            Lair (2/5) D:11
  Swamp (0/4) Lair:2      Volcano (visited)
  Snake: Lair:2-3    Spider: Lair:2-3       Orc: D:9-12

Altars:
Ashenzari
Cheibriados
Dithmenos
Elyvilon
Fedhas
Gozag
Hepliaklqana
Kikubaaqudgha
Makhleb
Nemelex Xobeh
Okawaru
Qazlal
Ru
Sif Muna
Trog
Uskayaw
Vehumet
Wu Jian
Xom
Yredelemnul
Zin
The Shining One

Annotations:
D:5 Sigmund
D:6 Maggie, Pikel
D:7 3 runed translucent doors, AdnanSaban's ghost, novice GrFi
Lair:1 exclusion: 2 death yaks
Lair:2 1 exclusion


Innate Abilities, Weirdness & Mutations

You have blades for hands.
Your spellcasting is less reliable in this form.
You are incapable of wielding weapons or throwing items.
((You are very nimble when in or above water. (Stealth+, EV+, Speed+++)))
Your lower body shifts to a powerful aquatic tail in water.


Message History

The living lightning hits the raiju.
The raiju completely resists.
The living lightning hits you. You resist.
The raiju blinks!
The large abomination hits you!!
* * * LOW HITPOINT WARNING * * *
A starspawn tentacle comes into view.
Unknown command.
You slash the raiju!
The raiju is almost dead.
The raiju bites you but does no damage.
You slice the raiju!!
You kill the raiju!
Okawaru accepts your kill.
The large abomination closely misses you.
Unknown command.
There is a gateway leading deeper into the Abyss here.
You rampage towards the raiju!
You miss the raiju.
The raiju is almost dead.
The raiju bites you.
* * * LOW HITPOINT WARNING * * *
The raiju shocks you. You resist.
* * * LOW HITPOINT WARNING * * *
A starspawn tentacle comes into view.
Unknown command.
You hit the raiju but do no damage.
The raiju is almost dead.
The raiju bursts into living lightning!
The living lightning misses you.
The raiju blinks!
A tentacle flies out from the starspawn's body!
The large abomination closely misses you.
A starspawn tentacle comes into view.
Unknown command.
You slice the large abomination!!
The large abomination is severely damaged.
The large abomination closely misses you.
Unknown command.
You slice the raiju!!
You kill the raiju!
Okawaru accepts your kill. The large abomination hits you!!
You die...

## ~~ . #.#
#####. ~~ ~ #
.. ....#.. ###
#~.#. # .#
#.#### ~~
~#..#...
.##.#..### .
~#. .#.#
#....#...# .
.## # .##
#.......# .
♣.#.#..
###..§..# ..♣
~~ .
.##.#X@#.# ..
.
~.###.#wX>...#
~~~ #†.3#.###
~~~~
.....###..# #
~♣#.#...# ####
.##~~ #.#.. #~
#.#.. ##..#3
#..h


You could see a tentacled starspawn, a large abomination, a neqoxec and a
starspawn tentacle.

Vanquished Creatures
  A yaktaur captain (D:10)
  A centaur warrior (D:11)
  3 two-headed ogres
  A death yak (Lair:1)
  A fire crab (D:10)
  A bog body (Lair:2)
  3 wizards (Volcano)
  A large abomination (Abyss:2)
  A lindwurm (Lair:2)
  A deep elf pyromancer (D:10)
  2 orc sorcerers (D:10)
  A cyclops (D:11)
  A salamander (Lair:2)
  2 black mambas (Lair:1)
  2 toenail golems (Volcano)
  2 cane toads
  A torpor snail (Lair:2)
  2 rime drakes (Lair:1)
  A komodo dragon (Lair:1)
  7 trolls (D:10)
  A hornet (D:10)
  4 raiju (Abyss:2)
  A shadow (D:10)
  13 yaks
  2 wyverns
  2 wraiths
  Eustachio (D:5)
  2 basilisks (Lair:1)
  2 steam dragons
  Menkaure (D:5)
  8 vampire mosquitoes (D:11)
  3 acid dragons
  2 water moccasins (D:5)
  2 ice beasts
  4 orc warriors
  A sky beast (D:6)
  3 black bears
  4 wolves
  12 centaurs
  2 lemures (D:6)
  2 kobold brigands
  7 bullfrogs
  9 scorpions
  A gnoll sergeant (D:11)
  9 wights
  20 killer bees
  2 howler monkeys
  4 hounds
  A jelly (D:6)
  6 orc priests
  4 gnoll boudas
  2 iguanas (D:5)
  2 sleepcaps
  9 orc wizards
  22 gnolls
  5 adders
  A shadow imp (D:7)
  A white imp (D:7)
  3 ufetubi
  3 worms
  4 dart slugs
  26 orcs
  2 ball pythons
  3 endoplasms
  2 giant cockroaches (D:4)
  6 goblins
  4 hobgoblins
  2 jackals (D:1)
  19 kobolds
  5 quokkas
  11 bats
  4 frilled lizards
  4 rats
  A butterfly (D:6)
311 creatures vanquished.

Vanquished Creatures (others)
  3 starspawn tentacles (Abyss:2)
3 creatures vanquished.

Grand Total: 314 creatures vanquished

Notes
Turn   | Place    | Note
-------+----------+-------------------------------------------
     0 | D:1      | MacCMillion the Merfolk Shapeshifter began the quest for
                  | the Orb.
     0 | D:1      | Reached XP level 1. HP: 15/15 MP: 1/1
   100 | D:1      | Reached XP level 2. HP: 16/21 MP: 2/2
   556 | D:1      | Reached XP level 3. HP: 27/27 MP: 3/3
  1555 | D:2      | Reached XP level 4. HP: 10/34 MP: 4/4
  2225 | D:3      | Found a hazy altar of Hepliaklqana.
  2258 | D:3      | Reached skill level 5 in Unarmed Combat
  2374 | D:3      | Found a shimmering blue altar of Sif Muna.
  2376 | D:3      | Identified the +3 robe of the Slightly Bent {Rampage rF+
                  | Regen+ Str+4}
  2408 | D:3      | Reached XP level 5. HP: 38/41 MP: 5/5
  2412 | D:3      | Got Sif Muna's Compilation of Ectoplasm
  3259 | D:4      | Reached XP level 6. HP: 33/47 MP: 6/6
  3714 | D:5      | Entered Level 5 of the Dungeon
  3736 | D:5      | Noticed a water moccasin
  3897 | D:5      | Noticed Eustachio
  3931 | D:5      | Killed Eustachio
  3932 | D:5      | Reached skill level 5 in Shapeshifting
  3932 | D:5      | Reached XP level 7. HP: 39/55 MP: 7/7
  4124 | D:5      | Noticed Sigmund
  4167 | D:5      | Noticed Menkaure
  4176 | D:5      | Killed Menkaure
  4177 | D:5      | Reached skill level 5 in Fighting
  4177 | D:5      | Reached XP level 8. HP: 38/62 MP: 8/8
  4275 | D:5      | Reached skill level 6 in Shapeshifting
  4325 | D:5      | Found a glowing silver altar of Zin.
  4375 | D:5      | Found a radiant altar of Vehumet.
  4605 | D:6      | Found a staircase to the Ecumenical Temple.
  4612 | Temple   | Entered the Ecumenical Temple
  4640 | Temple   | Became a worshipper of Warmaster Okawaru
  4720 | D:6      | Reached skill level 7 in Shapeshifting
  4792 | D:6      | Noticed Pikel
  4829 | D:5      | Reached * piety under Okawaru
  4830 | D:5      | Reached skill level 8 in Shapeshifting
  5008 | D:6      | Reached XP level 9. HP: 44/69 MP: 9/9
  5387 | D:6      | Reached skill level 9 in Shapeshifting
  5510 | D:6      | Noticed Maggie
  5566 | D:6      | Reached skill level 5 in Dodging
  5620 | D:6      | Reached ** piety under Okawaru
  6238 | D:7      | Noticed AdnanSaban's ghost (novice GrFi)
  6277 | D:7      | Found a runed translucent gate.
  6277 | D:7      | Found a runed translucent gate.
  6277 | D:7      | Found a runed translucent gate.
  6466 | D:7      | Reached skill level 10 in Dodging
  6725 | D:7      | Reached skill level 1 in Stealth
  6728 | D:7      | Reached XP level 10. HP: 76/76 MP: 10/10
  6731 | D:7      | Reached *** piety under Okawaru
  7730 | D:9      | Reached **** piety under Okawaru
  8187 | D:9      | Reached skill level 10 in Shapeshifting
  8255 | D:9      | Reached skill level 5 in Stealth
  8736 | D:10     | Entered Level 10 of the Dungeon
  8775 | D:10     | Reached XP level 11. HP: 64/84 MP: 11/11
  8821 | D:10     | Paralysed by a hornet for 2 turns
  8993 | D:10     | Noticed a deep elf pyromancer
  8999 | D:10     | Noticed an orc sorcerer
  9001 | D:10     | Killed a deep elf pyromancer
  9002 | D:10     | Reached skill level 11 in Shapeshifting
  9003 | D:10     | Noticed an orc sorcerer
  9009 | D:10     | Killed an orc sorcerer
  9009 | D:10     | Reached ***** piety under Okawaru
  9013 | D:10     | Killed an orc sorcerer
  9049 | D:10     | Noticed a two-headed ogre
  9053 | D:10     | Killed a two-headed ogre
  9098 | D:10     | Noticed a fire crab
  9099 | D:10     | Noticed a yaktaur captain
  9104 | D:10     | Killed a yaktaur captain
  9104 | D:10     | Identified the +11 bardiche of Obiter Dictum {freeze,
                  | Dex+4} (Okawaru gifted it to you on level 10 of the
                  | Dungeon)
  9104 | D:10     | Received a gift from Okawaru
  9107 | D:10     | Killed a fire crab
  9121 | D:10     | Identified the +6 hand axe of the Glowing Gods {vamp, *Rage
                  | +Blink rPois rF+}
  9122 | D:10     | Identified the +4 short sword "Vedd" {venom, rN+}
  9123 | D:10     | Identified the staff "Jysyipumuo" {Fly rF+ rC+ Int-3 Dex+5
                  | Ice}
  9336 | D:10     | Reached skill level 12 in Shapeshifting
  9493 | D:10     | Reached ****** piety under Okawaru
  9709 | D:11     | Noticed a cyclops
  9779 | D:11     | Killed a cyclops
  9780 | D:11     | Reached XP level 12. HP: 97/97 MP: 12/12
  9819 | D:11     | Reached skill level 10 in Fighting
  9891 | D:11     | Received a gift from Okawaru
  9933 | D:11     | Found a staircase to the Lair.
  9937 | D:11     | Noticed a two-headed ogre
  9944 | D:11     | Killed a two-headed ogre
  9945 | D:11     | Reached skill level 13 in Shapeshifting
 10027 | D:11     | Noticed a two-headed ogre
 10032 | D:11     | Killed a two-headed ogre
 10032 | D:11     | Identified the +1 pair of boots "Hoelism" {rElec} (Okawaru
                  | gifted it to you on level 11 of the Dungeon)
 10032 | D:11     | Received a gift from Okawaru
 10045 | D:11     | Noticed a centaur warrior
 10053 | D:11     | Killed a centaur warrior
 10083 | D:11     | Reached skill level 14 in Shapeshifting
 10120 | D:11     | Found a sacrificial altar of Ru.
 10188 | D:11     | Identified the +6 dagger of Oenomania {freeze, rN+}
 10319 | Lair:1   | Entered Level 1 of the Lair of Beasts
 10426 | Lair:1   | Reached skill level 1 in Invocations
 10726 | Lair:1   | Noticed a death yak
 11345 | Lair:1   | Noticed a death yak
 11668 | Lair:2   | Noticed a death yak
 11693 | Lair:1   | Killed a death yak
 11940 | Lair:2   | Found a staircase to the Swamp.
 11950 | Lair:2   | Reached skill level 5 in Invocations
 11950 | Lair:2   | Reached skill level 15 in Shapeshifting
 12021 | Lair:2   | Found a dark tunnel.
 12030 | Volcano  | Entered a volcano
 12046 | Volcano  | Reached XP level 13. HP: 99/103 MP: 17/17
 12108 | Volcano  | Received a gift from Okawaru
 12167 | Abyss:2  | Cast into level 2 of the Abyss (a wizard)
 12227 | Abyss:2  | Noticed a tentacled starspawn
 12237 | Abyss:2  | Slain by a large abomination

Illustrated notes

Levels and vault maps discovered:
D:1:      dpeg_arrival_subterranean_lakeside_camping, layout_basic, hex_tiny,
          chequers_serial_rivers_micro_b, serial_bayou_pond_c, chequers_avenue,
          hangedman_decor_peaks_small
D:2:      layout_basic
D:3:      layout_basic, led_sif_book, worldfamousw_hep_ancestral_shrine
D:4:      layout_gridville
D:5:      layout_rooms, fiery_altar_vehumet,
          mainiacjoe_overflow_small_starburst, minmay_splitting_lines,
          nicolae_elevator_lobby_asterisk, uniq_menkaure, uniq_sigmund,
          uniq_eustachio
D:6:      layout_loops_cross, minmay_temple_entry_butterflies, uniq_maggie,
          uniq_pikel
D:7:      layout_loops_corners, gammafunk_ghost_icy
D:8:      layout_gridville, chequers_serial_rivers_marsh
D:9:      layout_loops_ring
D:10:     minmay_the_grid_plus [minmay_the_grid_mess,
          minmay_the_grid_small_cups, minmay_the_grid_tri_star,
          minmay_the_grid_minigrid_medium, minmay_the_grid_prize_diamond_cup],
          layout_long_grid
D:11:     layout_rooms, lair_entry_dummy, st_stairs_11,
          nicolae_ru_the_path_less_chosen
Temple:   nicolae_temple_bog_church
Lair:1:   layout_cave_pods, ldierk_geyser
Lair:2:   layout_chaotic_city, skrybe_swamp_entry_bodies,
          nicolae_snake_entry_warm_welcome, nicolae_volcano_entry_hallway
Abyss:2:  base: D:12, hangedman_abyss_or_decor_passed
Volcano:  volcano_bunker

Skill      XL: |  1  2  3  4  5  6  7  8  9 10 11 12 13 |
---------------+----------------------------------------+-----
Dodging        | 3 10 12 | 12.1
Fighting       | 2 3 4 5 6 7 9 10 | 10.0
Unarmed Combat | 4 5 6 7 8 |  8.0
Shapeshifting  | 5 8 9 10 12 15 | 15.0
Stealth        | 1 5 8 |  8.0
Invocations    | 6 8 |  8.0

Action                     |  1- 3 |  4- 6 |  7- 9 | 10-12 | 13-15 || total
---------------------------+-------+-------+-------+-------+-------++-------
  Melee: Unarmed           |    99 |   112 |   223 |   419 |    43 ||   896
         Punch             |     2 |     7 |    12 |    28 |     2 ||    51
         Tailslap          |     1 |       |       |     2 |       ||     3
 Invoke: Heroism           |       |       |       |     2 |       ||     2
    Use: Scroll            |     2 |     1 |     5 |       |       ||     8
         Potion            |       |     2 |       |       |       ||     2
   Stab: Sleeping          |       |     4 |     6 |    10 |     2 ||    22
         Distracted        |       |     1 |     1 |     4 |       ||     6
 Armour: Animal skin       |     1 |       |       |       |       ||     1
         Leather armour    |    16 |     6 |       |       |       ||    22
         Robe              |       |    10 |    35 |    51 |     6 ||   102
         Skin              |       |    22 |       |       |       ||    22
  Dodge: Dodged            |    57 |    42 |   143 |   459 |    29 ||   730
   Form: Blade             |       |       |     1 |       |       ||     1

Table legend: (Time is in decaauts)
 A = Elapsed time spent in this place.
 B = Non-inter-level travel time spent in this place.
 C = Inter-level travel time spent in this place.
 D = Time resting spent in this place.
 E = Time spent auto-exploring this place.
 F = Levels seen in this place.
 G = Mean time per level.
                   A        B        C        D        E       F      G
               +--------+--------+--------+--------+--------+-----+--------+
         Total |  12114 |  11658 |    456 |   2191 |   6477 |  16 |  757.1 |
       Dungeon |  10150 |   9753 |    397 |   1663 |   5810 |  11 |  922.7 |
        Temple |     50 |     32 |     18 |      0 |      0 |   1 |   50.0 |
          Lair |   1716 |   1676 |     40 |    526 |    667 |   2 |  858.0 |
         Abyss |     65 |     65 |      0 |      0 |      0 |   1 |   65.0 |
       Volcano |    132 |    132 |      0 |      2 |      0 |   1 |  132.0 |
               +--------+--------+--------+--------+--------+-----+--------+

Top non-repeatable levels by time:
  Lair:1: 1436 daAuts
     D:9: 1185 daAuts
     D:6: 1079 daAuts
     D:7: 1077 daAuts
     D:2: 1027 daAuts
    D:10: 1018 daAuts
     D:5: 991 daAuts
     D:4: 962 daAuts
     D:1: 913 daAuts
     D:3: 772 daAuts
     D:8: 582 daAuts
    D:11: 540 daAuts
  Lair:2: 279 daAuts
 Volcano: 132 daAuts
 Abyss:2: 65 daAuts
